 Seeded DCSS version 0.28-a0-957-g42eb19b844 (webtiles) character file.

Game seed: 20211211 (custom seed)

141 a11behringer the Chopper (level 5, -2/42 HPs)
             Began as a Formicid Fighter on Dec 1, 2021.
             Slain by an orc priest (4 damage)
             ... on level 3 of the Dungeon.
             The game lasted 00:06:10 (2715 turns).

a11behringer the Chopper (Formicid Fighter)         Turns: 2715, Time: 00:06:11

Health: -2/42      AC:  7    Str: 22    XL:     5   Next: 48%
Magic:  5/5        EV: 10    Int:  8    God:
Gold:   121        SH:  4    Dex: 10    Spells: 4/4 levels left

rFire   . . .      SeeInvis +   a - +0 war axe
rCold   . . .      Faith    .   c - +0 buckler
rNeg    . . .      Spirit   .   b - +0 scale mail
rPois   .          Reflect  .   (helmet unavailable)
rElec   .          Harm     .   (no cloak)
rCorr   .          Rampage  .   (no gloves)
Will    .....                   (no boots)
Stlth   ..........              (no amulet)
HPRegen 0.14/turn               h - ring of flight
MPRegen 0.09/turn               (no ring)

@: flying
A: permanent stasis, dig shafts and tunnels, antennae 3, four strong arms
a: Dig, Shaft Self


You were on level 3 of the Dungeon.
You visited 1 branch of the dungeon, and saw 3 of its levels.

You collected 121 gold pieces.

Inventory:

Hand Weapons
 a - a +0 war axe (weapon)
Missiles
 s - 20 sling bullets
Armour
 b - a +0 scale mail (worn)
 c - a +0 buckler (worn)
Jewellery
 h - a ring of flight (left hand)
Scrolls
 g - 3 scrolls of identify {unknown}
 i - a scroll of torment {unknown}
 l - a scroll of enchant weapon {unknown}
 o - a scroll of teleportation {unknown}
 p - a scroll of magic mapping {unknown}
 r - a scroll of noise {unknown}
 t - a scroll of enchant armour {unknown}
Potions
 d - a potion of might
 e - a potion of mutation {unknown}
 f - a potion of magic {unknown}
 j - a potion of ambrosia {unknown}
 k - a potion of attraction {unknown}
 m - a potion of haste {unknown}
 n - 2 potions of curing {unknown}
 q - a potion of flight {unknown}


   Skills:
 + Level 3.8 Fighting
 * Level 4.2 Axes
 + Level 3.8 Armour
 + Level 0.6 Dodging
 + Level 4.0 Shields


You had 4 spell levels left.
You didn't know any spells.
Your spell library contained the following spells:

 Spells                   Type           Power      Damage    Failure   Level
 Summon Small Mammal      Summ           0%         N/A       73%         1
 Call Canine Familiar     Summ           0%         N/A       97%         3
 Frozen Ramparts          Ice            0%         1d2       97%         3
 Summon Guardian Golem    Hex/Summ       0%         N/A       97%         3
 Ice Form                 Ice/Tmut       0%         N/A       100%        4
 Summon Ice Beast         Ice/Summ       0%         N/A       100%        4


Dungeon Overview and Level Annotations

Branches:
Dungeon (3/15)

Altars:

Shops:
D:2 (


Innate Abilities, Weirdness & Mutations

You cannot be hasted, slowed, berserked, paralysed or teleported.
You can dig through walls and to a lower floor.
You have a pair of large antennae on your head. (SInv)
Your four strong arms can wield two-handed weapons with a shield.


Message History

The orc shouts!
The orc barely misses you.
An adder comes into view.
The adder hisses angrily.
You hit the orc.
The orc is almost dead.
The orc priest mumbles some strange prayers to Beogh against you.
Beogh smites you! The orc hits you with a +0 hand axe.
A quokka comes into view.
You slash the orc!
You kill the orc!
An endoplasm comes into view.
The orc priest mumbles some strange prayers to Beogh against you.
Beogh smites you!
You are too injured to fight recklessly!
You are too injured to fight recklessly!
There are monsters nearby!
Found a bone wand.
The orc priest hits you from afar with a +0 trident.
The orc priest misses you.
You closely miss the orc priest. You hit the orc.
The orc priest hits you but does no damage.
The orc priest mumbles some strange prayers to Beogh against you.
Beogh smites you!
* * * LOW HITPOINT WARNING * * *
You closely miss the orc priest. You barely miss the adder.
You barely miss the orc. The adder closely misses you.
The orc priest hits you but does no damage.
You block the orc priest's attack. The orc closely misses you.
The adder bites you but does no damage.
You slash the orc priest!
The orc priest is severely wounded.
You miss the adder. You closely miss the orc. You hit the quokka.
The orc priest hits you from afar with a +0 trident!
* * * LOW HITPOINT WARNING * * *
The orc priest barely misses you. The orc closely misses you.
The adder bites you but does no damage.
The quokka bites you but does no damage.
The orc priest hits you from afar with a +0 trident.
You die...

....####.#....#
.... #.#....#
... #......# ..
##.....#
#.....#
.######....##
............#
............#
......o@....#
......Sor...#
.....o.J....#
............#
..........>.#
............#
............#
............/


You could see 2 orc priests, an adder, an orc, an endoplasm and a quokka.

Vanquished Creatures
  Jessica (D:3)
  4 adders
  A worm (D:2)
  2 dart slugs
  2 orcs (D:3)
  10 endoplasms
  3 giant cockroaches
  4 goblins
  5 hobgoblins
  7 jackals
  2 quokkas
  8 ball pythons
  7 bats
  8 frilled lizards
  2 kobolds
  2 rats (D:1)
68 creatures vanquished.

Notes
Turn   | Place    | Note
-------+----------+-------------------------------------------
     0 | D:1      | a11behringer the Formicid Fighter began the quest for the
                  | Orb.
     0 | D:1      | Reached XP level 1. HP: 18/18 MP: 1/1
   282 | D:1      | Found a faded altar of an unknown god.
   419 | D:1      | Reached XP level 2. HP: 18/24 MP: 2/2
   619 | D:1      | Reached XP level 3. HP: 26/30 MP: 3/3
  1378 | D:2      | Found Ceq Unip's Weapon Shoppe.
  1385 | D:2      | Reached XP level 4. HP: 22/37 MP: 4/4
  2317 | D:3      | Noticed Jessica
  2325 | D:3      | Reached XP level 5. HP: 35/42 MP: 5/5
  2329 | D:3      | Killed Jessica
  2715 | D:3      | HP: 2/42 [orc priest (7)]
  2715 | D:3      | Slain by an orc priest

Illustrated notes

Levels and vault maps discovered:
D:1:      dpeg_arrival_connections, layout_basic,
          ebering_ecumenical_altar_petrified
D:2:      layout_loops_ring, serial_shops, nicolae_shop_bloodbath_and_beyond,
          minmay_lizard_pond
D:3:      layout_basic, riverfiend_overflow_shadow_ancestor, uniq_jessica

Skill      XL: |  1  2  3  4  5 |
---------------+----------------+-----
Axes           | 3 4 |  4.2
Shields        | 4 |  4.0
Fighting       | |  3.8
Armour         | |  3.8
Dodging        | |  0.6

Action                   |  1- 3 |  4- 6 || total
-------------------------+-------+-------++-------
Melee: War axe           |   112 |    94 ||   206
Armor: Scale mail        |    57 |    51 ||   108
Dodge: Dodged            |    66 |    46 ||   112
Block: Buckler           |    34 |    22 ||    56

Table legend: (Time is in decaauts)
 A = Elapsed time spent in this place.
 B = Non-inter-level travel time spent in this place.
 C = Inter-level travel time spent in this place.
 D = Time resting spent in this place.
 E = Time spent auto-exploring this place.
 F = Levels seen in this place.
 G = Mean time per level.
                   A        B        C        D        E       F      G
               +--------+--------+--------+--------+--------+-----+--------+
         Total |   2787 |   2641 |    146 |      0 |   2138 |   3 |  929.0 |
       Dungeon |   2787 |   2641 |    146 |      0 |   2138 |   3 |  929.0 |
               +--------+--------+--------+--------+--------+-----+--------+

Top non-repeatable levels by time:
     D:1: 1226 daAuts
     D:2: 1145 daAuts
     D:3: 415 daAuts
